 Dungeon Crawl Stone Soup version 0.23-a0-808-gd21de94 (webtiles) character file.

58 Hydrazoo the Insei (level 4, -1/29 HPs)
             Began as an Octopode Transmuter on Jan 20, 2019.
             Shot with a stone by a goblin (5 damage)
             ... on level 2 of the Dungeon.
             The game lasted 00:03:56 (1656 turns).

Hydrazoo the Insei (Octopode Transmuter)            Turns: 1656, Time: 00:03:56

Health: -1/29      AC:  2    Str: 10    XL:     4   Next: 1%
Magic:  4/7        EV: 19    Int: 15    God:
Gold:   21         SH:  0    Dex: 17    Spells: 3/7 levels left

rFire    . . .     SeeInvis .     - Unarmed
rCold    . . .     Gourm    .   (shield currently unavailable)
rNeg     . . .     Faith    .   (helmet currently unavailable)
rPois    x         Spirit   .   (no amulet)
rElec    .         Reflect  .   (no ring)
rCorr    .         Harm     .   (no ring)
MR       .....                  (no ring)
Stlth    ++........             (no ring)
HPRegen  0.09/turn              (no ring)
MPRegen  0.10/turn              (no ring)
                                (no ring)
                                (no ring)

@: spider-form (expiring)
A: tiny, almost no armour, stealthy swim, (amphibious), 8 rings, (constrict 8)
a: End Transformation


You were on level 2 of the Dungeon.
You were not hungry.
You were a venomous arachnid creature.
You visited 1 branch of the dungeon, and saw 2 of its levels.

You collected 21 gold pieces.

Inventory:

Missiles
 a - 35 arrows
Scrolls
 d - 3 scrolls of identify {unknown}
 g - a scroll of teleportation {unknown}
 h - 2 scrolls of remove curse {unknown}
 i - a scroll of magic mapping {unknown}
 l - 2 scrolls of amnesia {unknown}
Potions
 b - a potion of degeneration {unknown}
 e - 3 potions of curing {unknown}
 f - a potion of agility {unknown}
 j - a potion of resistance {unknown}
Comestibles
 c - a ration
 k - 4 chunks of flesh


   Skills:
 + Level 1.8 Fighting
 - Level 2.0 Dodging
 + Level 3.3 Unarmed Combat
 - Level 2.4 Spellcasting
 * Level 3.0 Transmutations


You had 3 spell levels left.
You knew the following spells:

 Your Spells              Type           Power        Failure   Level  Hunger
a - Beastly Appendage     Tmut           ##....       17%         1    #......
b - Spider Form           Tmut/Pois      #.........   56%         3    ###....

Your spell library contained the following spells:

 Spells                   Type           Power        Failure   Level  Hunger
 Sticks to Snakes         Tmut           ##......     22%         2    ###....
 Ice Form                 Ice/Tmut       #.......     89%         4    #####..
 Blade Hands              Tmut           ##........   95%         5    ######.


Dungeon Overview and Level Annotations

Branches:
Dungeon (2/15)

Altars:


Innate Abilities, Weirdness & Mutations

You cannot wear most types of armour.
You are very stealthy in the water. (Stealth+)
((You are amphibious.))
You can wear up to eight rings at the same time.
((You can use your tentacles to constrict eight enemies at once.))
((Your skin changes colour to match your surroundings (Stealth+).))
((Your rubbery body absorbs attacks. (AC +1, EV +1)))


Message History

The goblin shoots a stone.
The stone hits you!
Things that are here:
a stone; a scroll labeled ROMILA PYSOYT You are too injured to fight recklessly!
You are too injured to fight recklessly!
The hobgoblin shouts!
The goblin shoots a stone.
The stone hits you!
* * * LOW HITPOINT WARNING * * *
Things that are here:
a stone; a scroll labeled ROMILA PYSOYT The goblin shoots a stone.
The stone misses you.
You see here a stone.
The goblin shoots a stone.
The stone barely misses you.
You see here a stone.
Casting: Spider Form (safe; 34% risk of failure)
Confirm with . or Enter, or press ? or * to list all spells.
You turn into a venomous arachnid creature.
Your transformation is almost over.
The goblin shoots a stone.
The stone hits you.
You die...

.. ## .........#.#
#.###.####.####...#
######..#
..##........##
........#
#.#..########
........# #.#.##
........# #..(#
....g...# #.###
.......(###.# ######
.......g((.s##.....##
..........(..)......#
.......#...รท.........
.......#.....(.......
.......#.............
####.................
. #####............. .
#....#.......#
#####.........


You could see a hobgoblin and a goblin.

Vanquished Creatures
  2 adders (D:2)
  3 dart slugs (D:1)
  2 giant cockroaches
  5 goblins
  3 hobgoblins
  3 jackals (D:1)
  4 bats
  A frilled lizard (D:1)
  6 kobolds
  5 rats (D:1)
34 creatures vanquished.

Notes
Turn   | Place    | Note
-------+----------+-------------------------------------------
     0 | D:1      | Hydrazoo the Octopode Transmuter began the quest for the
                  | Orb.
     0 | D:1      | Reached XP level 1. HP: 13/13 MP: 3/3
   115 | D:1      | Reached XP level 2. HP: 14/18 MP: 3/5
   660 | D:1      | Reached XP level 3. HP: 18/23 MP: 4/6
   914 | D:1      | Learned a level 3 spell: Spider Form
  1627 | D:2      | Reached XP level 4. HP: 29/29 MP: 7/7
  1656 | D:2      | Shot with a stone by a goblin

Vault maps used:
D:1:      saegor_arrival_simple_b, minivault_19
D:2:      minivault_26, lemuel_blue_sif_altar

Skill      XL: |  1  2  3 |
---------------+----------+-----
Transmutations | 3 |  3.0
Fighting       | |  1.8
Dodging        | |  2.0
Unarmed Combat | |  3.3
Spellcasting   | |  2.4

Action                   |  1- 3 |  4- 6 || total
-------------------------+-------+-------++-------
Melee: Unarmed           |    78 |     3 ||    81
       Kick              |     9 |       ||     9
       Constrict         |    18 |       ||    18
       Tentacles         |     7 |     1 ||     8
 Cast: Beastly Appendage |    11 |       ||    11
       Spider Form       |     4 |     1 ||     5
 Stab: Sleeping          |     1 |       ||     1
  Eat: Chunk             |     3 |       ||     3
Armor: Skin              |     8 |     1 ||     9
Dodge: Dodged            |    74 |     6 ||    80

Table legend:
 A = Non-vault XP
 B = Vault XP
 C = Vault XP percentage of total XP
 D = Non-vault monster count
 E = Vault monster count
 F = Vault count percentage of total count
                 A         B        C        D         E       F
            +---------+---------+-------+---------+---------+-------
      Total |      83 |       0 |   0.0 |      34 |       0 |   0.0
            +---------+---------+-------+---------+---------+-------
        D:1 |      46 |       0 |   0.0 |      25 |       0 |   0.0
        D:2 |      37 |       0 |   0.0 |       9 |       0 |   0.0
            +---------+---------+-------+---------+---------+-------
